 Dungeon Crawl Stone Soup version 0.29.0-7-g18a832c13a (webtiles) character file.

Game seed: 1431194770677730258

68516 SnakkuSnakku7 the Basher (level 15, -4/103 HPs)
             Began as a Djinni Chaos Knight on Sept 1, 2022.
             Was a Plaything of Xom.
             Killed from afar by Jorgrun (28 damage)
             ... with an iron shot
             ... on level 2 of the Orcish Mines.
             The game lasted 00:59:27 (25893 turns).

SnakkuSnakku7 the Basher (Djinni Chaos Knight)     Turns: 25893, Time: 00:59:33

Health: -4/103     AC: 25    Str: 25 (26) XL:     15   Next: 70%
Gold:   3142       EV:  5    Int: 21      God:    Xom [.....*] SH:  5 Dex: 21

rFire   + + +      SeeInvis .   b - +4 battleaxe (freeze)
rCold   . . .      Faith    .   (shield currently unavailable)
rNeg    . . .      Spirit   .   P - +3 chain mail {rC+}
rPois   ∞          Reflect  +   N - +2 hat {Stlth+}
rElec   +          Harm     .   y - +2 cloak
rCorr   .          Rampage  .   k - +2 pair of gloves {Str+3}
Will    ++...                   (boots unavailable)
Stlth   +++.......              J - amulet of reflection
HPRegen 0.27/turn               i - +6 ring of strength
MPRegen 0.00/turn               A - ring of protection from fire

@: brilliant, about to teleport, petrifying (expiring), grasped by roots,
flying, constricted, very slow
A: sickness immunity, fire resistance 2, cold vulnerability 1, float, innate
caster, HP casting, extra vitality 1, horns 1, iridescent scales 1, thin
skeletal structure 2, camouflage 1, agile 2, clever 2, deterioration 1,
strong-willed 1, sense surroundings 1, electricity resistance, strong 1,
inability to drink after injury 1
a: Renounce Religion


You were on level 2 of the Orcish Mines.
You worshipped Xom.
You were Xom's teddy bear.
You visited 3 branches of the dungeon, and saw 18 of its levels.
You also visited: Volcano.

You collected 3832 gold pieces.
You spent 690 gold pieces at shops.

Inventory:

Hand Weapons
 a - a +3 eveningstar
 b - a +4 battleaxe of freezing (weapon)
 h - a +0 battleaxe of flaming
Missiles
 m - 2 throwing nets
Armour
 k - a +2 pair of gloves of strength (worn)
 p - a +0 kite shield
 y - a +2 cloak (worn)
 B - a +1 helmet
 K - the +4 scale mail of Fedhas's Grace {Slay+2}
   (You bought it in a shop on level 2 of the Dungeon)

   Slay:      It affects your accuracy & damage with ranged weapons and melee
   (+2).
 N - a +2 hat of stealth (worn)
 P - a +3 chain mail of cold resistance (worn)
 R - a +0 kite shield
Jewellery
 i - a +6 ring of strength (left hand)
 A - a ring of protection from fire (right hand)
 H - a ring of positive energy
 J - an amulet of reflection (around neck)
 L - a ring of willpower
 M - a ring of see invisible
 O - a ring of wizardry
Wands
 o - a wand of charming (11)
 s - a wand of flame (20)
 t - a wand of mindburst (6)
 v - a wand of polymorph (13)
 E - a wand of acid (8) (quivered)
Scrolls
 d - 5 scrolls of teleportation
 f - a scroll of silence
 j - a scroll of blinking
 w - 3 scrolls of immolation
 z - a scroll of poison
 I - a scroll of vulnerability
 S - 6 scrolls of identify
Potions
 e - a potion of haste
 g - 3 potions of might
 l - 10 potions of curing
 n - 2 potions of cancellation
 q - 5 potions of mutation
 r - 2 potions of brilliance
 u - a potion of invisibility
 x - a potion of attraction
 C - 4 potions of heal wounds
 D - 6 potions of ambrosia
 F - 3 potions of resistance
 G - 3 potions of lignification
Miscellaneous
 c - a piece from Xom's chessboard (15/15)
 Q - a phial of floods (inert)
 V - a lightning rod (4/4)


   Skills:
 + Level 8.1 Fighting
 - Level 12.9(15.5) Axes
 - Level 13.9(16.0) Maces & Flails
 - Level 10.0 Armour
 - Level 10.0 Dodging


You couldn't memorise any spells.
You knew the following spells:

 Your Spells              Type           Power      Damage    Failure   Level
a - Shock                 Conj/Air       0%         1d3       65%         1
b - Searing Ray           Conj           0%         2d4       80%         2
c - Blink                 Tloc           0%         N/A       80%         2
d - Call Canine Familiar  Summ           0%         N/A       95%         3
e - Agony                 Necr           0%         N/A       100%        5
f - Irradiate             Conj/Tmut      0%         3d11      100%        5
g - Conjure Ball Lightni  Conj/Air       0%         3x3d6     100%        6
Your spell library was empty.


Dungeon Overview and Level Annotations

Branches:
Dungeon (11/15)            Temple (0/1) D:4            Lair (5/5) D:8
  Swamp (0/4) Lair:3        Snake (0/4) Lair:2        Slime (0/5) Lair:5
    Orc (2/2) D:11            Elf (0/3) Orc:2       Volcano (visited)

Altars:
Ashenzari
Dithmenos
Fedhas
Gozag
Hepliaklqana
Makhleb
Okawaru
Trog
Uskayaw
Wu Jian
Xom
Zin
The Shining One
Jiyva

Shops:
D:2 [   D:5 [(*   D:9 [

Annotations:
Lair:1 Fannar
Orc:2 Jorgrun


Innate Abilities, Weirdness & Mutations

You are immune to sickness and miasma.
You are immune to poison.
Your flesh is very heat resistant. (rF++)
You are vulnerable to cold. (rC-)
You float through the air rather than walking.
You learn spells naturally, not from books.
Your magical power is your life essence.
You have superior vitality. (+4 MHP)
You have a pair of small horns on your head.
You are partially covered in iridescent scales. (AC +2)
You have a moderately thin skeletal structure. (Dex +4, Stealth++)
Your skin changes colour to match your surroundings (Stealth+).
You are very agile. (Dex +8, Str/Int -2)
Your mind is very acute. (Int +8, Str/Dex -2)
Your body sometimes deteriorates upon taking damage.
You are strong-willed. (Will+)
You passively map a small area around you.
You are resistant to electric shocks. (rElec)
Your muscles are strong. (Str +4, Int/Dex -1)
You occasionally lose the ability to drink potions when taking damage.


Message History

You are too injured to fight recklessly!
Unknown command.
As you read the scroll of butterflies, it crumbles to dust.
You hear the tinkle of a tiny bell.
Jorgrun casts a spell at you.
Roots burst forth from the earth!
The grasping roots grab you! The grasping roots constrict you!
Unknown command.
The roots grasp on you weakens, but your attempt to escape fails.
Xom opens a gate.
An orc high priest comes into view. It is wielding a +0 glaive.
Jorgrun casts a spell at you.
You are slowing down.
The grasping roots constrict you.
Unknown command.
Unknown command.
Unknown command.
Unknown command.
As you read the scroll of teleportation, it crumbles to dust.
You feel strangely unstable.
Jorgrun points at you and mumbles some strange words.
The iron shot reflects off an invisible shield around you!
The iron shot hits Jorgrun!!!
The grasping roots constrict you.
Your red devil barely misses Jorgrun.
Your limbs are stiffening.
Unknown command.
The roots grasp on you weakens, but your attempt to escape fails.
The orc high priest calls down the wrath of Beogh upon you.
Beogh smites you!
* * * LOW HITPOINT WARNING * * *
Jorgrun hits you with a +0 vorpal quarterstaff.
* * * LOW HITPOINT WARNING * * *
The grasping roots constrict you.
* * * LOW HITPOINT WARNING * * *
Your red devil hits Jorgrun with a +0 trident!
Jorgrun is skewered by barbed spikes.
Jorgrun casts a spell at you. The iron shot hits you!!!
You die...
Xom howls with laughter!

..##......## ######.##
..###......###...#...####
...###..................##
...#........##.......#...#
..###....#....b.b.....#.###
........##).bbb...#.....#.##
......#.##..b..4.####......#
.........#....bbg###....#.##
....#...##...b..@b.#....# #
....#...#....#.)..)<....#
..###.#......##..bb)#...#
.## ##......###.#..o#.#.# ##
##....## ###...### # #.#.##
###.o# ##### ##.##.#
#....##.. #....###.# ###


You could see Jorgrun (skewered, ally target), an orc high priest, an orc
warrior and a friendly red devil (summoned).

Vanquished Creatures
  Gastronok (Lair:1)
  An emperor scorpion (Lair:5)
  The ghost of RevDB the Spry, a journeyman DEFE of Vehumet (Lair:5)
  The ghost of Fiha the Thaumaturge, a journeyman VSTm of Dithmenos (Lair:4)
  A boulder beetle (Lair:4)
  9 hydras
  Harold (Lair:1)
  A two-headed ogre (D:10)
  A catoblepas (Lair:4)
  The ghost of keekatzer the Grappler, a novice TrTm of Elyvilon (D:10)
  An orc high priest (Orc:2)
  Sonja (D:11)
  2 skeletal warriors (Volcano)
  Amaemon (D:7)
  3 anaconda skeletons (Volcano)
  2 orc knights
  A lindwurm (Lair:5)
  An orc sorcerer (Orc:1)
  A wolf spider (Lair:5)
  2 cyclopes
  An oklob plant (Lair:4)
  An ugly thing (D:11)
  A guardian serpent (Lair:5)
  5 torpor snails (Lair:5)
  7 black mambas
  Joseph (D:7)
  4 gargoyles (Volcano)
  An orange demon (D:8)
  An unseen horror (D:11)
  Maggie (Lair:1)
  2 rime drakes
  Psyche (D:8)
  14 cane toads
  12 komodo dragons
  8 trolls
  A queen bee (Lair:2)
  2 polar bears
  11 hornets (Lair:5)
  2 harpy skeletons (Volcano)
  3 tyrant leeches (Lair:5)
  6 blink frogs
  21 dream sheep (Lair:5)
  3 flying skulls (Volcano)
  An alligator skeleton (Volcano)
  A wraith (D:11)
  A basilisk (Lair:4)
  3 fire bats (Lair:4)
  14 wyverns
  42 yaks
  3 vampire mosquitoes (D:10)
  A redback (Lair:5)
  2 steam dragons
  5 swamp worms (Lair:3)
  15 water moccasins
  4 sky beasts
  23 orc warriors
  2 black bears
  6 centaurs
  28 wolves
  4 ogres
  2 lemures (D:7)
  A phantom (D:6)
  3 kobold brigands
  2 necrophages
  9 bullfrogs
  A gnoll sergeant (D:8)
  4 scorpions
  3 wights (D:6)
  25 killer bees
  A spriggan skeleton (Volcano)
  5 howler monkeys
  6 electric eels
  A lava snake (Lair:4)
  4 hounds
  2 jellies
  13 orc priests
  A gnoll bouda (D:4)
  8 iguanas
  Natasha (thrice) (D:2)
  11 orc wizards
  6 hell rats (Lair:5)
  4 naga skeletons (Volcano)
  12 gnolls
  13 adders
  A shadow imp (D:7)
  A white imp (D:5)
  An ufetubus (D:4)
  A worm (D:4)
  A dart slug (D:1)
  91 orcs
  5 endoplasms
  5 giant cockroaches
  6 goblins
  6 hobgoblins
  10 jackals
  20 kobolds
  2 quokkas
  6 ball pythons
  7 bats
  7 frilled lizards
  4 rats
  A spectral hobgoblin (D:10)
  A butterfly (Lair:3)
613 creatures vanquished.

Vanquished Creatures (collateral kills)
  A catoblepas (Lair:4)
  A two-headed ogre (D:9)
  A black mamba (Lair:5)
  3 yaks (Lair:4)
6 creatures vanquished.

Vanquished Creatures (others)
  A gargoyle (Volcano)
  An electric eel (D:8)
  2 adders (D:5)
  A white imp (D:7)
  43 fungi
  104 plants
152 creatures vanquished.

Grand Total: 771 creatures vanquished

Notes
Turn   | Place    | Note
-------+----------+-------------------------------------------
     0 | D:1      | SnakkuSnakku7 the Djinni Chaos Knight began the quest for
                  | the Orb.
     0 | D:1      | Reached XP level 1. HP: 20/20 MP: 0/0
    97 | D:1      | Reached skill level 3 in Maces & Flails
    97 | D:1      | Reached XP level 2. HP: 16/25 MP: 0/0
   218 | D:1      | Reached XP level 3. HP: 18/30 MP: 0/0
   218 | D:1      | Learned a level 1 spell: Shock
   365 | D:1      | XOM: silly message
   397 | D:1      | XOM: butterfly on damage
   444 | D:1      | XOM: confusion
   495 | D:1      | Found a faded altar of an unknown god.
   823 | D:2      | Noticed Natasha
   843 | D:1      | XOM: summons 3 hostile shadow creatures
  1057 | D:2      | Identified the +11 dagger "Oxkol" {elec, rElec Int+5}
  1134 | D:2      | XOM: 1-stop teleportation journey
  1141 | D:2      | Found Natuit's Antique Armour Boutique.
  1154 | D:2      | Reached XP level 4. HP: 27/35 MP: 0/0
  1158 | D:2      | XOM: enchant monster (bad)
  1385 | D:2      | Killed Natasha
  1386 | D:2      | Reached skill level 4 in Maces & Flails
  1423 | D:2      | Noticed Natasha
  1426 | D:2      | XOM: summons 2 hostile demons
  1427 | D:2      | XOM: 4-stop teleportation journey
  1440 | D:2      | XOM: noise
  1444 | D:2      | Killed Natasha
  1445 | D:2      | Reached XP level 5. HP: 12/40 MP: 0/0
  1445 | D:2      | Learned a level 2 spell: Searing Ray
  1604 | D:1      | XOM: summons 1 hostile shadow creature
  1868 | D:1      | XOM: stat loss: -1 Dex (11/12)
  2109 | D:2      | XOM: 1-stop teleportation journey
  2176 | D:2      | Noticed Natasha
  2180 | D:2      | Killed Natasha
  2372 | D:2      | Reached skill level 5 in Maces & Flails
  2577 | D:3      | Reached XP level 6. HP: 44/46 MP: 0/0
  2685 | D:3      | XOM: give mutations
  2685 | D:3      | Gained mutation: You occasionally lose the ability to drink
                  | potions when taking damage. [Xom's mischief]
  3227 | D:3      | XOM: give mutation
  3254 | D:3      | Found a transporter.
  3255 | D:3      | Found a transporter.
  3258 | D:3      | Noticed an ogre
  3258 | D:3      | Noticed a sky beast
  3259 | D:3      | Noticed a black bear
  3274 | D:3      | Found a shimmering altar of Xom.
  3304 | D:3      | XOM: give mutation
  3304 | D:3      | Gained mutation: You have a pair of small horns on your
                  | head. [Xom's mischief]
  3357 | D:3      | XOM is BORED!
  3357 | D:3      | XOM: stat loss: -3 Int (16/19)
  3544 | D:4      | Identified the +0 chain mail "Jioriq" {rN+ Str+2 Stlth+}
  3715 | D:4      | Noticed a water moccasin
  3720 | D:4      | XOM: cleaving
  3722 | D:4      | Killed a water moccasin
  3723 | D:4      | Reached skill level 5 in Fighting
  3723 | D:4      | Reached XP level 7. HP: 48/54 MP: 0/0
  3723 | D:4      | Learned a level 2 spell: Blink
  3759 | D:4      | Found a staircase to the Ecumenical Temple.
  3826 | D:4      | XOM: give mutations
  3826 | D:4      | Gained mutation: You sometimes lose the ability to drink
                  | potions when taking damage. [Xom's mischief]
  3826 | D:4      | Gained mutation: You expend health (3 HP) to strengthen
                  | your wands. [Xom's mischief]
  3940 | D:4      | XOM: confusion
  3945 | D:4      | XOM: polymorph orc -> jelly
  3977 | D:4      | XOM: stat loss: -1 Int (18/19)
  4031 | D:4      | XOM: give mutations
  4031 | D:4      | Lost mutation: You sometimes lose the ability to drink
                  | potions when taking damage. [Xom's mischief]
  4031 | D:4      | Lost mutation: You have a pair of small horns on your head.
                  | [Xom's mischief]
  4083 | D:5      | Entered Level 5 of the Dungeon
  4201 | D:5      | Found Bieg Ypp's Weapon Boutique.
  4221 | D:5      | Found Jaluhuz's Assorted Antiques.
  4223 | D:5      | XOM: noise
  4243 | D:5      | XOM: silly message
  4354 | D:4      | XOM: give mutations
  4354 | D:4      | Gained mutation: You are frail. (-10% HP) [Xom's mischief]
  4354 | D:4      | Gained mutation: Your body sometimes deteriorates upon
                  | taking damage. [Xom's mischief]
  4354 | D:4      | Gained mutation: Your mind is acute. (Int +4, Str/Dex -1)
                  | [Xom's mischief]
  4359 | D:4      | XOM: summons 2 hostile demons
  4482 | D:4      | XOM: give mutations
  4482 | D:4      | Gained mutation: Your flesh is almost immune to the effects
                  | of heat. (rF+++) [Xom's grace]
  4482 | D:4      | Gained mutation: You passively map a small area around you.
                  | [Xom's grace]
  4482 | D:4      | Gained mutation: You have hidden genetic potential. [Xom's
                  | grace]
  4482 | D:4      | Gained mutation: You are agile. (Dex +4, Str/Int -1) [Xom's
                  | grace]
  4656 | D:5      | XOM: god gift: scroll labelled JUPHEPPAKHU {god gift}
  4671 | D:4      | Reached XP level 8. HP: 38/55 MP: 0/0
  4969 | D:5      | XOM: destruction
  5036 | D:5      | XOM: god gift: scroll labelled ESORRI QEAHAOC {god gift}
  5043 | D:5      | XOM: scenery: summon butterflies
  5185 | D:4      | XOM: give mutations
  5185 | D:4      | Gained mutation: You have a somewhat thin skeletal
                  | structure. (Dex +2, Stealth+) [Xom's grace]
  5185 | D:4      | Gained mutation: You are resistant to electric shocks.
                  | (rElec) [Xom's grace]
  5185 | D:4      | Gained mutation: You are strong-willed. (Will+) [Xom's
                  | grace]
  5276 | D:4      | XOM: god gift: 61 gold pieces
  5280 | D:5      | XOM: god gift: ring of protection from fire
  5364 | D:2      | Bought a runed helmet for 195 gold pieces
  5436 | D:5      | XOM: scenery: summon butterflies
  5471 | D:5      | Gained mutation: You have a pair of small horns on your
                  | head. [hidden potential]
  5497 | D:5      | Bought a fizzy silvery potion for 22 gold pieces
  5497 | D:5      | Bought a fizzy coppery potion for 22 gold pieces
  5497 | D:5      | Bought a metallic white potion for 22 gold pieces
  5806 | D:5      | Found Pesuisuv's Antique Armour Shop.
  5817 | D:5      | XOM: divination: detect creatures
  5999 | D:6      | Found an iron altar of Okawaru.
  5999 | D:6      | Found a burning altar of Makhleb.
  5999 | D:6      | XOM: 1-stop teleportation journey
  6043 | D:6      | Found a broken altar of Ashenzari.
  6068 | D:6      | XOM: confusion
  6072 | D:6      | XOM: stat loss: -1 Dex (16/17)
  6312 | D:6      | Reached skill level 5 in Dodging
  6317 | D:6      | XOM: smoke on damage
  6318 | D:6      | XOM: enchant monster (bad)
  6324 | D:6      | Reached XP level 9. HP: 48/63 MP: 0/0
  6324 | D:6      | Learned a level 3 spell: Call Canine Familiar
  6518 | D:6      | Found a blossoming altar of Fedhas.
  6540 | D:6      | Reached skill level 1 in Axes
  6620 | D:6      | Found a shadowy altar of Dithmenos.
  6622 | D:6      | Found an ornate altar of the Wu Jian Council.
  6625 | D:6      | Found an opulent altar of Gozag.
  7094 | D:7      | XOM: god gift: potion of degeneration
  7103 | D:7      | Gained mutation: You have a pair of horns on your head.
                  | [hidden potential]
  7103 | D:7      | Lost mutation: You have hidden genetic potential. [hidden
                  | potential expressed]
  7133 | D:7      | Noticed Pikel
  7149 | D:7      | Noticed Pikel
  7149 | D:7      | Pikel changed into Pikel the sky beast
  7149 | D:7      | XOM: polymorph Pikel -> Pikel the sky beast
  7166 | D:7      | Killed Pikel the sky beast
  7435 | D:7      | XOM: scenery: summon butterflies
  7439 | D:7      | XOM: 2-stop teleportation journey
  7633 | D:7      | XOM: give mutations
  7633 | D:7      | Lost mutation: You have a pair of horns on your head.
                  | [Xom's mischief]
  7633 | D:7      | Lost mutation: You expend health (3 HP) to strengthen your
                  | wands. [Xom's mischief]
  7633 | D:7      | Lost mutation: You are frail. (-10% HP) [Xom's mischief]
  7633 | D:7      | Lost mutation: Your flesh is almost immune to the effects
                  | of heat. (rF+++) [Xom's mischief]
  7644 | D:7      | Noticed Joseph
  7645 | D:7      | XOM: enchant monster (bad)
  7700 | D:7      | Killed Joseph
  7750 | D:7      | XOM: stat loss: -1 Dex (16/17)
  8203 | D:7      | XOM: scenery: summon butterflies
  8241 | D:8      | Noticed an orange demon
  8242 | D:8      | Noticed Amaemon
  8308 | D:7      | XOM: 1-stop teleportation journey
  8355 | D:7      | Reached skill level 5 in Axes
  8387 | D:7      | Killed Amaemon
  8388 | D:7      | Reached XP level 10. HP: 11/76 MP: 0/0
  8691 | D:8      | Killed an orange demon
  8804 | D:8      | Noticed Psyche
  8816 | D:8      | XOM: summons 3 friendly demons
  8821 | D:8      | Killed Psyche
  8912 | D:8      | XOM: swap monsters
  8924 | D:8      | XOM: repel stairs
  9156 | D:7      | XOM: give mutations
  9156 | D:7      | Gained mutation: You have hidden genetic potential. [Xom's
                  | grace]
  9156 | D:7      | Gained mutation: Your skin changes colour to match your
                  | surroundings (Stealth+). [Xom's grace]
  9165 | D:8      | XOM: cast spell 'Death Channel'
  9383 | D:8      | XOM: confuse monster(s)
  9510 | D:8      | XOM: scenery: create altars
  9703 | D:8      | Found a staircase to the Lair.
  9710 | D:8      | XOM: destruction
  9931 | D:8      | XOM: god gift: chain mail {god gift}
 10229 | D:8      | XOM: stat loss: -1 Int (17/18)
 10278 | D:8      | XOM: scenery: 1 doors close
 10362 | D:9      | Found a bloodstained altar of Trog.
 10385 | D:9      | XOM: chaos cloud
 10397 | D:9      | Reached XP level 11. HP: 72/81 MP: 0/0
 10397 | D:9      | Learned a level 5 spell: Agony
 10397 | D:9      | XOM: enchant monster (good)
 10613 | D:9      | Found Nuexes's Armour Boutique.
 10658 | D:9      | Reached skill level 10 in Axes
 10924 | D:2      | Bought a pair of embroidered gloves for 195 gold pieces
 11072 | D:8      | XOM: cloud trail
 11155 | D:9      | Noticed a two-headed ogre
 11160 | D:9      | Killed a two-headed ogre
 11163 | D:9      | Gained mutation: Your mind is very acute. (Int +8, Str/Dex
                  | -2) [hidden potential]
 11322 | D:9      | XOM: enchant monster (good)
 11578 | D:9      | XOM: god gift: 46 gold pieces
 11645 | D:9      | XOM: scenery: summon butterflies
 11816 | D:9      | XOM: give mutations
 11816 | D:9      | Gained mutation: You are very agile. (Dex +8, Str/Int -2)
                  | [Xom's grace]
 11816 | D:9      | Gained mutation: You have a moderately thin skeletal
                  | structure. (Dex +4, Stealth++) [Xom's grace]
 11904 | D:10     | Entered Level 10 of the Dungeon
 12204 | D:10     | XOM: 5-stop teleportation journey
 12415 | D:10     | Noticed a two-headed ogre
 12415 | D:10     | XOM: 9-stop teleportation journey
 12455 | D:10     | XOM: confusion (+ monsters)
 12457 | D:10     | XOM: potion effect (heal wounds)
 12505 | D:10     | XOM: divination: detect items
 12513 | D:10     | Killed a two-headed ogre
 12655 | D:10     | Found a glowing golden altar of the Shining One.
 12751 | D:10     | XOM: silly message
 12762 | D:10     | Identified the +0 scale mail "Hoikoarch" {rC- MP+9 Str+4
                  | Int+3}
 12853 | D:10     | Found a runed translucent gate.
 12854 | D:10     | Found a runed translucent gate.
 12855 | D:10     | Found a runed translucent gate.
 12858 | D:10     | Noticed keekatzer's ghost (novice TrTm)
 12863 | D:10     | XOM: potion effect (brilliance)
 12878 | D:10     | XOM: confusion (+ monsters)
 12948 | D:10     | XOM: polymorph orc -> bat
 12973 | D:10     | Killed keekatzer's ghost
 13169 | D:10     | Found a hazy altar of Hepliaklqana.
 13186 | D:10     | Found a glowing silver altar of Zin.
 13373 | D:2      | XOM: god gift: Mouh's Incunabulum of the Lethal Snowflakes
                  | {god gift}
 13374 | D:2      | Bought a polished scale mail for 234 gold pieces
 13374 | D:2      | Identified the +4 scale mail of Fedhas's Grace {Slay+2}
                  | (You bought it in a shop on level 2 of the Dungeon)
 13417 | D:2      | XOM: god gift: chain mail {god gift}
 13757 | Lair:1   | Entered Level 1 of the Lair of Beasts
 13757 | Lair:1   | Noticed Maggie
 13758 | Lair:1   | XOM: summons 3 friendly demons
 13766 | Lair:1   | Killed Maggie
 13767 | Lair:1   | Reached XP level 12. HP: 63/86 MP: 0/0
 13775 | Lair:1   | XOM: 1-stop teleportation journey
 13788 | Lair:1   | Noticed Gastronok
 13794 | Lair:1   | XOM: potion effect (brilliance)
 13795 | Lair:1   | XOM: confuse monster(s)
 13807 | Lair:1   | Killed Gastronok
 13886 | Lair:1   | Gained mutation: You passively map the area around you.
                  | [hidden potential]
 13886 | Lair:1   | Lost mutation: You have hidden genetic potential. [hidden
                  | potential expressed]
 13943 | Lair:1   | XOM: divination: detect creatures
 14011 | Lair:1   | Identified a scroll of acquirement
 14011 | Lair:1   | Acquired 493 gold pieces
 14028 | Lair:1   | Noticed Harold
 14038 | Lair:1   | Killed Harold
 14244 | Lair:1   | Noticed Fannar
 14339 | Lair:1   | XOM: silly message
 14664 | Lair:1   | XOM is BORED!
 14741 | Lair:2   | XOM: scenery: summon butterflies
 14745 | Lair:2   | Found a staircase to the Snake Pit.
 14811 | Lair:2   | Reached skill level 6 in Maces & Flails
 14864 | Lair:2   | XOM: polymorph yak -> cane toad
 15032 | Lair:2   | Reached skill level 7 in Maces & Flails
 15274 | Lair:2   | Noticed a seven-headed hydra
 15284 | Lair:2   | XOM: 2-stop teleportation journey
 15346 | Lair:2   | XOM: god gift: scroll of immolation
 15360 | Lair:2   | XOM: confuse monster(s)
 15362 | Lair:2   | XOM: fog
 15364 | Lair:2   | XOM: potion effect (invisibility)
 15369 | Lair:2   | XOM: enchant monster (bad)
 15595 | Lair:2   | Reached skill level 8 in Maces & Flails
 15619 | Lair:2   | Noticed a four-headed hydra
 15632 | Lair:2   | Killed a four-headed hydra
 15740 | Lair:2   | Noticed a radroach
 15740 | Lair:2   | a seven-headed hydra changed into a radroach
 15740 | Lair:2   | XOM: polymorph seven-headed hydra -> radroach
 15760 | Lair:2   | XOM: confusion (+ monsters)
 15764 | Lair:2   | XOM: confuse monster(s)
 16046 | Lair:2   | XOM: swap monsters
 16089 | Lair:2   | Reached XP level 13. HP: 61/92 MP: 0/0
 16089 | Lair:2   | Learned a level 5 spell: Irradiate
 16101 | Lair:2   | Reached skill level 9 in Maces & Flails
 16106 | Lair:2   | XOM: enchant monster (good)
 16182 | Lair:2   | XOM: summons 12 friendly demons
 16199 | Lair:2   | XOM: scenery: summon butterflies
 16201 | Lair:2   | XOM: enchant monster (bad)
 16209 | Lair:2   | XOM: polymorph butterfly -> adder
 16255 | Lair:2   | XOM: destruction
 16606 | Lair:3   | Reached skill level 10 in Maces & Flails
 16889 | Lair:3   | Noticed an eight-headed hydra
 16894 | Lair:3   | XOM: confusion (+ monsters)
 16910 | Lair:3   | XOM: swap monsters
 17157 | Lair:3   | XOM: noise
 17168 | Lair:3   | Killed an eight-headed hydra
 17561 | Lair:3   | XOM: swap monsters
 17583 | Lair:3   | Reached skill level 11 in Maces & Flails
 17605 | Lair:3   | Found a staircase to the Swamp.
 17634 | Lair:3   | Noticed an eight-headed hydra
 17643 | Lair:3   | XOM: draining
 17656 | Lair:3   | Killed an eight-headed hydra
 17888 | Lair:4   | Noticed a five-headed hydra
 17931 | Lair:4   | XOM: stat loss: -1 Str (19/20)
 17977 | Lair:4   | Found a dark tunnel.
 17984 | Lair:4   | XOM: confuse monster(s)
 17987 | Lair:4   | XOM: cloud trail
 17992 | Volcano  | Entered a volcano
 18127 | Volcano  | XOM: scenery: 1 doors close
 18218 | Volcano  | XOM: 3-stop teleportation journey
 18333 | Volcano  | XOM: cleaving
 18406 | Volcano  | Reached skill level 12 in Maces & Flails
 18625 | Volcano  | XOM: summons 3 friendly demons
 18626 | Volcano  | XOM: enchant monster (good)
 18766 | Volcano  | XOM: confuse monster(s)
 18855 | Lair:4   | XOM: noise
 18888 | Lair:4   | XOM: confuse monster(s)
 18889 | Lair:4   | Killed a two-headed hydra
 18890 | Lair:4   | Reached XP level 14. HP: 69/98 MP: 0/0
 19014 | Lair:4   | XOM: destruction
 19240 | Lair:4   | Noticed Fiha's ghost (journeyman VSTm)
 19258 | Lair:4   | Found a hide-covered altar of Uskayaw.
 19258 | Lair:4   | Found an ornate altar of the Wu Jian Council.
 19499 | Lair:4   | XOM: scenery: create altars
 19539 | Lair:4   | Found a transporter.
 19541 | Lair:4   | Found a transporter.
 19575 | Lair:4   | XOM: 2-stop teleportation journey
 19635 | Lair:4   | XOM: cast spell 'Summon Horrible Things'
 19648 | Lair:4   | Reached skill level 13 in Maces & Flails
 19897 | Lair:4   | XOM: butterfly on damage
 19905 | Lair:4   | XOM: cast spell 'Chain of Chaos'
 20136 | Lair:4   | XOM: stat loss: -1 Dex (21/22)
 20218 | Lair:5   | Entered Level 5 of the Lair of Beasts
 20232 | Lair:5   | XOM: divination: magic mapping
 20404 | Lair:4   | XOM: give mutations
 20404 | Lair:4   | Gained mutation: Your muscles are strong. (Str +4, Int/Dex
                  | -1) [Xom's grace]
 20509 | Lair:5   | XOM: potion effect (haste)
 20517 | Lair:5   | Found a runed translucent door.
 20517 | Lair:5   | Noticed RevDB's ghost (journeyman DEFE)
 20643 | Lair:5   | XOM: scenery: create altars
 20675 | Lair:5   | XOM: scenery: summon butterflies
 20847 | Lair:5   | XOM: smoke on damage
 20902 | Lair:5   | XOM: summons 7 friendly demons
 20925 | Lair:5   | Found a runed translucent door.
 21020 | Lair:5   | XOM: give mutations
 21020 | Lair:5   | Gained mutation: You are partially covered in iridescent
                  | scales. (AC +2) [Xom's grace]
 21020 | Lair:5   | Gained mutation: Your spells are a little harder to cast,
                  | but a little more powerful. [Xom's grace]
 21025 | Lair:5   | Noticed an emperor scorpion
 21025 | Lair:5   | a fire dragon changed into an emperor scorpion
 21025 | Lair:5   | XOM: polymorph fire dragon -> emperor scorpion
 21028 | Lair:5   | XOM: silly message
 21031 | Lair:5   | XOM: enchant monster (bad)
 21175 | Lair:4   | XOM: torment (32/98 hp)
 21462 | Lair:5   | Killed an emperor scorpion
 21463 | Lair:5   | Reached skill level 5 in Armour
 21610 | Lair:5   | Found a staircase to the Slime Pits.
 21610 | Lair:5   | Found a viscous altar of Jiyva.
 21661 | Lair:5   | XOM: cleaving
 21704 | Lair:5   | XOM: chaos cloud
 21711 | Lair:5   | Reached XP level 15. HP: 25/103 MP: 0/0
 21711 | Lair:5   | Learned a level 6 spell: Conjure Ball Lightning
 21779 | Lair:5   | XOM: god gift: wand of acid (5)
 21802 | Lair:5   | XOM: god gift: 50 gold pieces
 22030 | Lair:5   | XOM: 1-stop teleportation journey
 22034 | Lair:5   | XOM: god gift: wand of charming (4)
 22042 | Lair:5   | Killed RevDB's ghost
 22106 | Lair:5   | XOM: fog
 22187 | Lair:5   | XOM: give mutations
 22187 | Lair:5   | Lost mutation: You passively map the area around you.
                  | [Xom's mischief]
 22187 | Lair:5   | Lost mutation: Your spells are a little harder to cast, but
                  | a little more powerful. [Xom's mischief]
 22385 | Lair:5   | XOM: noise
 22718 | Lair:4   | Killed Fiha's ghost
 22732 | Lair:4   | XOM: potion effect (haste)
 22748 | Lair:4   | Reached skill level 10 in Armour
 23473 | D:11     | Found a staircase to the Orcish Mines.
 24170 | D:11     | Noticed Sonja
 24174 | D:11     | Killed Sonja
 24349 | D:11     | XOM: divination: detect creatures
 24383 | Orc:1    | Entered Level 1 of the Orcish Mines
 24596 | Orc:2    | Entered Level 2 of the Orcish Mines
 25486 | Orc:2    | Found a staircase to the Elven Halls.
 25541 | Orc:2    | Reached skill level 10 in Dodging
 25548 | Orc:2    | Noticed Jorgrun
 25550 | Orc:2    | XOM: summons friendly white imp
 25554 | Orc:2    | XOM: fog
 25678 | Orc:1    | Identified the amulet of Guire Niyryt {Faith Rampage Regen+
                  | Int+4} (Xom gifted it to you on level 1 of the Orcish
                  | Mines)
 25678 | Orc:1    | XOM: god gift: amulet of Guire Niyryt {Faith Rampage Regen+
                  | Int+4}
 25756 | Orc:1    | XOM: scenery: summon butterflies
 25878 | Orc:2    | XOM: cast spell 'Disjunction'
 25882 | Orc:2    | XOM: potion effect (brilliance)
 25891 | Orc:2    | XOM: summons friendly red devil
 25893 | Orc:2    | Killed from afar by Jorgrun

Illustrated notes

Levels and vault maps discovered:
D:1:      wander_arrival_desolate, layout_loops_ring, basic_ecumenical_altar,
          minmay_misc_feat_rugged
D:2:      layout_loops_ring, serial_shops, nicolae_shop_waterfront,
          nicolae_figureground_pulse, uniq_natasha
D:3:      layout_loops_corners, gammafunk_temple_overflow_arena,
          serial_aquarium, aquarium_bridge_island_small
          [aquarium_subvault_small_water, aquarium_subvault_window,
          aquarium_subvault_window, aquarium_subvault_bridge,
          aquarium_subvault_window], aquarium_window_1,
          aquarium_window_corridor_3, aquarium_view_2b, aquarium_view_2a
D:4:      layout_rooms, minmay_temple_entry_from_below_a, grunt_ministairs_6,
          kennysheep_path_1
D:5:      layout_basic, serial_shops, nicolae_lakefront_shop, shop_fountains,
          nicolae_shop_bloodbath_and_beyond, guppyfry_early_lair_pool
D:6:      layout_loops_corners, grunt_temple_overflow_open, fedhas_altar_2,
          mainiacjoe_overflow_boulevard, serial_park_tiny_pond,
          nicolae_water_bricks
D:7:      layout_rooms, serial_bayou, serial_bayou_pond_a, serial_bayou_pond_d,
          serial_bayou_pond_c, serial_bayou_pond_c,
          nicolae_concentric_dashed_squares_mild, minmay_door_square,
          uniq_joseph, uniq_pikel
D:8:      layout_basic, erik_lair_island, minmay_crossroads, uniq_psyche,
          uniq_amaemon
D:9:      minmay_spotlight, layout_basic, mainiacjoe_overflow_24_doors,
          serial_shops, nicolae_lakefront_shop
D:10:     layout_rooms, zin_academy, nicolae_hepliaklqana_monster_ancestors,
          amcnicky_altar_gilded, biasface_ghost_orc_armoury
D:11:     layout_basic, orc_0_dummy, uniq_sonja
Lair:1:   layout_small_grid, uniq_harold, uniq_fannar, uniq_gastronok,
          uniq_maggie
Lair:2:   layout_cave_pods, guppyfry_snake_entry_island, special_room
          [special_room_bee]
Lair:3:   beast_lair_carwin_large_3, layout_cave_shapes,
          palyth_hydra_swamp_entry, lemuel_fruit_fields,
          infiniplex_staircase_pool
Lair:4:   layout_gridlike, nzn_ghost_randoct, lightli_volcano_entry_magma_tube,
          nzn_masters_of_martial_movement
Lair:5:   wormcave, layout_long_grid, hangedman_lair_tendril_chambers,
          slime_entry_1, gammafunk_ghost_grave
Orc:1:    layout_diamond_mine, minmay_orc_barracks
Orc:2:    st_orc_congregation, layout_diamond_mine, uniq_jorgrun

Skill      XL: |  1  2  3  4  5  6  7  8  9 10 11 12 13 14 15 |
---------------+----------------------------------------------+-----
Maces & Flails | 3 4 5 8 12 13 | 13.9
Fighting       | 5 6 8 |  8.1
Dodging        | 5 6 10 | 10.0
Axes           | 6 9 12 | 12.9
Armour         | 7 10 | 10.0

Action                   |  1- 3 |  4- 6 |  7- 9 | 10-12 | 13-15 || total
-------------------------+-------+-------+-------+-------+-------++-------
Melee: Mace              |   108 |       |       |       |       ||   108
       Dagger            |     3 |   116 |   170 |     5 |     8 ||   302
       Punch             |     1 |     2 |     4 |       |       ||     7
       Headbutt          |       |     4 |    23 |    74 |   177 ||   278
       Battleaxe         |       |       |    98 |   322 |   748 ||  1168
Evoke: Wand              |       |       |     4 |     8 |    16 ||    28
       Piece from Xom's  |       |       |       |     1 |       ||     1
       Phial of floods   |       |       |       |       |     1 ||     1
  Use: Scroll            |       |       |    15 |    17 |    14 ||    46
       Potion            |       |       |     1 |     1 |     4 ||     6
 Stab: Sleeping          |     1 |       |     1 |     5 |    11 ||    18
       Confused          |     1 |       |       |     1 |     4 ||     6
       Distracted        |       |       |     1 |     2 |     4 ||     7
       Invisible         |       |       |       |     1 |       ||     1
       Petrifying        |       |       |       |       |     1 ||     1
Armor: Leather armour    |    71 |    40 |   183 |    21 |       ||   315
       Steam dragon scal |       |       |       |    50 |       ||    50
       Scale mail        |       |       |       |    64 |   301 ||   365
       Chain mail        |       |       |       |       |    44 ||    44
Dodge: Dodged            |   117 |    79 |   268 |   320 |   478 ||  1262
Block: Other             |       |       |       |    42 |   164 ||   206
       Reflection        |       |       |       |       |    11 ||    11
